 Dungeon Crawl Stone Soup version 0.30-a0-808-g6e0788376e (webtiles) character file.

Game seed: 15922025512187435940

81 NinjaNoafa the Cudgeller (level 4, -5/29 HPs)
             Began as an Octopode Wanderer on Feb 25, 2023.
             Slain by an orc priest
             ... wielding a +0 flail
              (11 damage)
             ... on level 3 of the Dungeon.
             The game lasted 00:10:04 (1582 turns).

NinjaNoafa the Cudgeller (Octopode Wanderer)        Turns: 1582, Time: 00:10:05

Health: -5/29      AC:  1    Str: 11    XL:     4   Next: 40%
Magic:  4/4        EV: 13    Int: 14    God:
Gold:   171        SH:  0    Dex: 13    Spells: 3/3 levels left

rFire   . . .      SeeInvis .    b - +0 mace
rCold   . . .      Faith    .    (no shield)
rNeg    . . .      Spirit   .    (helmet restricted)
rPois   .          Reflect  .    (no amulet)
rElec   .          Harm     .    (no ring)
rCorr   .          Rampage  .    (no ring)
Will    .....                    (no ring)
Stlth   +++                      (no ring)
HPRegen 0.24/turn                (no ring)
MPRegen 0.09/turn                (no ring)
                                 (no ring)
                                 (no ring)

@: no status effects
A: almost no armour, amphibious, 8 rings, camouflage 1, gelatinous body 1,
(nimble swimmer 1), tentacles
a: no special abilities


You were on level 3 of the Dungeon.
You visited 1 branch of the dungeon, and saw 3 of its levels.

You collected 171 gold pieces.

Inventory:

Hand Weapons
 a - a +2 sling
 b - a +0 mace (weapon)
 d - a +0 dagger
Missiles
 c - 9 poisoned darts (quivered)
Wands
 u - a wand of quicksilver (2)
Scrolls
 e - a scroll of fear
 h - a scroll of magic mapping {unknown}
 i - 2 scrolls of identify {unknown}
 k - a scroll of enchant weapon {unknown}
 o - a scroll of silence {unknown}
 p - a scroll of brand weapon {unknown}
 r - a scroll of teleportation {unknown}
Potions
 f - 2 potions of cancellation {unknown}
 g - a potion of flight {unknown}
 j - a potion of resistance {unknown}
 l - 2 potions of invisibility {unknown}
 m - 2 potions of ambrosia {unknown}
 n - 2 potions of curing {unknown}
 q - a potion of degeneration {unknown}
 s - a potion of attraction {unknown}
 t - a potion of haste {unknown}


   Skills:
 - Level 1.9 Fighting
 - Level 4.0 Maces & Flails
 + Level 3.0 Ranged Weapons
 - Level 3.0 Throwing
 - Level 1.4 Dodging
 + Level 3.0 Stealth


You had 3 spell levels left.
You didn't know any spells.
Your spell library contained the following spells:

 Spells                   Type           Power      Damage    Failure   Level
 Freeze                   Ice            0%         1d3       28%         1
 Ensorcelled Hibernation  Hex/Ice        0%         N/A       41%         2
 Passwall                 Tmut/Erth      0%         N/A       41%         2
 Frozen Ramparts          Ice            0%         1d1       65%         3
 Hailstorm                Conj/Ice       0%         3d3       65%         3
 Swiftness                Air            0%         N/A       65%         3


Dungeon Overview and Level Annotations

Branches:
Dungeon (3/15)

Altars:
Kikubaaqudgha

Shops:
D:1 [


Innate Abilities, Weirdness & Mutations

You cannot wear most types of armour.
You are amphibious.
You can wear up to eight rings at the same time.
Your skin changes colour to match your surroundings (Stealth+).
Your rubbery body absorbs attacks. (AC +1, EV +1)
((You are camouflaged when in or above water. (Stealth+)))
You have tentacles for arms and can constrict up to eight enemies at once.


Message History

Found a short sword.
You see here a +0 short sword.
u - a wand of quicksilver (2)
You open the door. 2 orcs and an orc priest come into view.
The orc shouts!
Found a coppery potion.
You shoot a sling bullet. The orc shouts!
The orc priest shouts!
The sling bullet hits the orc priest but does no damage.
You hear a shout!
Found 20 gold pieces.
You shoot a sling bullet.
The sling bullet closely misses the orc priest.
The sling bullet hits the orc.
The orc is moderately wounded.
You shoot a sling bullet. The sling bullet hits the orc priest.
The orc priest is lightly wounded.
You shoot a sling bullet. The sling bullet hits the orc priest.
The orc priest is lightly wounded.
The orc priest hits you with a +0 flail.
b - a +0 mace (weapon)
The orc closely misses you.
The orc priest hits you with a +0 flail.
The orc hits you with a +0 hand axe.
You hit the orc priest. You grab the orc priest.
The orc priest is moderately wounded.
You constrict the orc priest.
The orc priest hits you with a +0 flail!
* * * LOW HITPOINT WARNING * * *
The orc misses you. The orc hits you with a +0 hand axe.
* * * LOW HITPOINT WARNING * * *
You hit the orc priest.
The orc priest is severely wounded.
You constrict the orc priest. The orc hits you with a +0 hand axe.
* * * LOW HITPOINT WARNING * * *
The orc priest closely misses you. The orc misses you.
The orc closely misses you.
The orc priest hits you with a +0 flail!
You die...

#.........#
#.........#
#.....o... #$..!..oo
.$..... ....
####'#### #...oo..#
######## #....@o.#
<......# #.......#
.......# #.......#
.......#####.......#
....[.........)....#
...................#
.).................#
######.......).....#
#..........####


You could see an orc priest and 2 orcs.

Vanquished Creatures
  A gnoll (D:1)
  An adder (D:3)
  A dart slug (D:1)
  3 ball pythons (D:1)
  6 endoplasms
  3 giant cockroaches
  7 goblins
  10 hobgoblins
  3 jackals (D:1)
  2 quokkas
  2 bats (D:2)
  A frilled lizard (D:2)
  5 kobolds
  6 rats
51 creatures vanquished.

Notes
Turn   | Place    | Note
-------+----------+-------------------------------------------
     0 | D:1      | NinjaNoafa the Octopode Wanderer began the quest for the
                  | Orb.
     0 | D:1      | NinjaNoafa set off with the following items: a +2 sling, a
                  | +0 mace, 10 poisoned darts, a +0 dagger, a scroll of fear.
     0 | D:1      | Reached XP level 1. HP: 13/13 MP: 1/1
    52 | D:1      | Found Eres's Armour Boutique.
   162 | D:1      | Reached skill level 1 in Stealth
   162 | D:1      | Reached XP level 2. HP: 13/18 MP: 2/2
   280 | D:1      | Reached skill level 1 in Dodging
   317 | D:1      | Reached XP level 3. HP: 14/24 MP: 3/3
   349 | D:1      | You fall into a shaft and drop 1 floor!
   977 | D:1      | Reached XP level 4. HP: 29/29 MP: 4/4
  1383 | D:3      | Found an ancient bone altar of Kikubaaqudgha.
  1582 | D:3      | Slain by an orc priest

Illustrated notes

Levels and vault maps discovered:
D:1:      scummos_arrival_checkerplants, layout_basic, serial_curves,
          eino_curves_03, eino_curves_02, serial_shops, nicolae_diamond_shop,
          minmay_misc_feat_square, nicolae_kite_square_tiling_tiny,
          chequers_jeans, feat_on_display
D:2:      minmay_skewed_foursquare, layout_basic, minmay_tetromino_i4
D:3:      layout_basic, mainiacjoe_overflow_small_starburst

Skill      XL: |  1  2  3  4 |
---------------+-------------+-----
Stealth        | 1 2 3 |  3.0
Dodging        | 1 |  1.4
Ranged Weapons | 3 |  3.0
Fighting       | |  1.9
Maces & Flails | |  4.0
Throwing       | |  3.0

Action                     |  1- 3 |  4- 6 || total
---------------------------+-------+-------++-------
  Melee: Mace              |     7 |     2 ||     9
         Constrict         |     1 |     1 ||     2
         Tentacles         |     1 |       ||     1
   Fire: Sling             |    88 |    42 ||   130
  Throw: Dart              |     2 |       ||     2
 Armour: Skin              |     1 |       ||     1
  Dodge: Dodged            |     9 |    11 ||    20

Table legend: (Time is in decaauts)
 A = Elapsed time spent in this place.
 B = Non-inter-level travel time spent in this place.
 C = Inter-level travel time spent in this place.
 D = Time resting spent in this place.
 E = Time spent auto-exploring this place.
 F = Levels seen in this place.
 G = Mean time per level.
                   A        B        C        D        E       F      G
               +--------+--------+--------+--------+--------+-----+--------+
         Total |   1616 |   1526 |     90 |      0 |    982 |   3 |  538.7 |
       Dungeon |   1616 |   1526 |     90 |      0 |    982 |   3 |  538.7 |
               +--------+--------+--------+--------+--------+-----+--------+

Top non-repeatable levels by time:
     D:2: 650 daAuts
     D:1: 594 daAuts
     D:3: 371 daAuts
